 Dungeon Crawl Stone Soup version 0.13.0-28-g1b50097 (webtiles) character file.

63 Grandi the Magician (level 3, 0/22 HPs)
             Began as a Human Wizard on Nov 4, 2013.
             Succumbed to an adder's poison
             ... on Level 2 of the Dungeon.
             The game lasted 00:05:57 (1029 turns).

Grandi the Magician (Human Wizard)                  Turns: 1029, Time: 00:05:58

HP   0/22        AC  2     Str  7      XL: 3   Next: 15%
MP   1/9         EV 12     Int 19      God:
Gold 39          SH  0     Dex 11      Spells:  3 memorised,  4 levels left

Res.Fire  : + . .   See Invis. : .   (no weapon)
Res.Cold  : + . .   Warding    : .   a - +0 robe
Life Prot.: + . .   Conserve   : .   (no shield)
Res.Poison: +       Res.Corr.  : .   b - +0 wizard hat
Res.Elec. : +       Clarity    : .   (no cloak)
Sust.Abil.: . .     Spirit.Shd : .   (no gloves)
Res.Mut.  : .       Stasis     : .   (no boots)
Res.Rott. : .       Flight     : .   (no amulet)
Saprovore : . . .                    (no ring)
                                     r - ring of positive energy {unknown}

@: mildly poisoned, not resistant to hostile enchantments, fairly stealthy
A: no striking features
a: no special abilities


You were on level 2 of the Dungeon.
You were not hungry.

You visited 1 branch of the dungeon, and saw 2 of its levels.

You collected 19 gold pieces.

Inventory:

Hand weapons
 m - a +0,+1 dwarven short sword
 o - a +1,+0 elven dagger
Missiles
 f - 3 darts (quivered)
 k - a dart of flame
Armour
 a - a +0 robe (worn)
 b - a +0 wizard hat (worn)
 g - a +0 robe
Comestibles
 d - a bread ration
 h - a chunk of rat flesh
Scrolls
 e - a scroll of enchant armour {unknown}
 p - a scroll of curse jewellery {unknown}
Jewellery
 r - a ring of positive energy (left hand) {unknown}
Books
 c - a book of Minor Magic

   Spells                             Type                      Level
   *Magic Dart                        Conjuration                  1
   *Blink                             Translocation                2
   *Call Imp                          Summoning                    2
   Repel Missiles                     Charms/Air                   2
   Slow                               Hexes                        2
   Conjure Flame                      Conjuration/Fire             3
   Mephitic Cloud                     Conjuration/Poison/Air       3


   Skills:
 + Level 2.2 Dodging
 + Level 2.0 Stealth
 + Level 3.5 Spellcasting
 + Level 1.5 Conjurations
 + Level 1.0 Summonings
 + Level 1.0 Translocations


You had 4 spell levels left.
You knew the following spells:

 Your Spells              Type           Power        Failure   Level  Hunger
a - Magic Dart            Conj           #...         10%         1    None
b - Blink                 Tloc           N/A          17%         2    ##.....
c - Call Imp              Summ           #.........   17%         2    ##.....


Dungeon Overview and Level Annotations

Branches:
Dungeon (2/27)

Altars:


Message History

You feel sick.
The kobold throws a dart.
The dart misses you.
Found a potion of restore abilities.
You see here a dart.
Casting: Call Imp
Confirm with . or Enter, or press ? or * to list all spells.
Aiming: Magic Dart
Press: ? - help, Shift-Dir - straight line, f - kobold
Aim: a kobold, wielding an elven whip The magic dart hits the kobold.
The kobold is moderately wounded.
Casting: Magic Dart
Confirm with . or Enter, or press ? or * to list all spells.
You don't have enough magic to cast that spell.
Unknown command.
* * * LOW HITPOINT WARNING * * *
You feel sick.
A hobgoblin comes into view. It is wielding a club.
The hobgoblin shouts!
An adder comes into view.
You die...

#######
#......########
................
#............#
#............#
###............#####
....!...@.5..........
###....K....(..###
..............####..
...g................
..#S#######.######..
#. ####.# #
###....########
..#.##..............
............########


You could see an adder, a hobgoblin, a kobold and a friendly white imp.

Vanquished Creatures
  2 goblins (D:1)
  A hobgoblin (D:1)
  4 kobolds (D:1)
  2 bats (D:1)
  A giant gecko (D:1)
  3 giant newts (D:1)
  7 rats (D:1)
20 creatures vanquished.

Vanquished Creatures (collateral kills)
  An adder (D:2)
  2 hobgoblins (D:1)
  A ball python (D:2)
  A goblin (D:1)
5 creatures vanquished.

Grand Total: 25 creatures vanquished

Notes
Turn   | Place    | Note
--------------------------------------------------------------
     0 | D:1      | Grandi, the Human Wizard, began the quest for the Orb.
     0 | D:1      | Reached XP level 1. HP: 11/11 MP: 5/5
   337 | D:1      | Reached XP level 2. HP: 17/17 MP: 5/7
   341 | D:1      | Learned a level 2 spell: Blink
   344 | D:1      | Learned a level 2 spell: Call Imp
  1013 | D:2      | Reached XP level 3. HP: 6/22 MP: 0/9
  1026 | D:2      | HP: 1/22 [poisoned by an adder]
  1029 | D:2      | Succumbed to an adder's poison

Action                   || total
-------------------------++-------
Melee: Unarmed           ||     3
Throw: Dart              ||     5
 Cast: Magic Dart        ||    40
       Call Imp          ||     5
  Use: Potion            ||     2
